 Seeded DCSS version 0.30.1-4-g462c640d31 (webtiles) character file.

Game seed: 8515177902725472229 (custom seed)

701 Mune the Cleaver (level 7, 0/70 HPs)
             Began as an Ogre Berserker on Aug 22, 2023.
             Was a Believer of Trog.
             Slain by a quokka (3 damage)
             ... summoned by Eustachio
             ... on level 5 of the Dungeon.
             The game lasted 00:07:59 (4093 turns).

Mune the Cleaver (Ogre Berserker)                   Turns: 4093, Time: 00:08:00

Health: 0/70       AC:  4    Str: 24    XL:     7   Next: 66%
Magic:  7/7        EV: 10    Int:  8    God:    Trog [**....]
Gold:   125        SH:  5    Dex:  8    Spells: 6/6 levels left

rFire   . . .        a - +0 hand axe (flame)
rCold   . . .        t - orb {*Rage}
rNeg    . . .        b - +0 animal skin
rPois   .            (helmet restricted)
rElec   .            r - +0 cloak
rCorr   .            (gloves unavailable)
SInv    .            (boots unavailable)
Will    ++...        f - amulet of reflection
Stlth   +            (no ring)
HPRegen 1.31/turn    (no ring)
MPRegen 0.10/turn

%: random rage (20%), reflection
@: strong-willed, on berserk cooldown, regenerating
A: large, unfitting armour, tough skin 1
a: Renounce Religion, Berserk, Trog's Hand


You were on level 5 of the Dungeon.
You worshipped Trog.
Trog was pleased with you.
You visited 1 branch of the dungeon, and saw 6 of its levels.

You collected 125 gold pieces.

Inventory:

Hand Weapons
 a - a +0 hand axe of flaming (weapon)
Missiles
 s - a throwing net (quivered)
Armour
 b - a +0 animal skin (worn)
 r - a +0 cloak (worn)
 t - an orb of wrath (worn)
Jewellery
 e - an amulet of magic regeneration
 f - an amulet of reflection (around neck)
 o - an amulet of the acrobat
Scrolls
 d - 2 scrolls of fear
 g - 2 scrolls of poison
 h - a scroll of teleportation
 j - a scroll of vulnerability
 l - a scroll of enchant armour
 m - a scroll of immolation
 p - a scroll of silence {unknown}


   Skills:
 - Level 4.0 Fighting
 + Level 8.8 Axes
 - Level 2.6 Dodging


You had 6 spell levels left.
You didn't know any spells.
Your spell library was empty.

Dungeon Overview and Level Annotations

Branches:
Dungeon (6/15)
 Temple: D:4-7

Altars:
Makhleb
Vehumet

Annotations:
D:5 Eustachio


Innate Abilities, Weirdness & Mutations

You are too large for most types of armour.
You have tough skin. (AC +1)


Message History

Okay, then.
You feel better. The bat barely misses you. The quokka misses you.
The bat closely misses you. You block the bat's attack.
The orc hits you with a +0 flail.
* * * LOW HITPOINT WARNING * * *
You block Eustachio's attack. The quokka barely misses you.
You feel better.
The bat barely misses you. x2; The bat misses you.
The bat closely misses you. The bat hits you but does no damage.
The orc barely misses you. Eustachio hits you with a +0 rapier!
* * * LOW HITPOINT WARNING * * *
The quokka closely misses you. The bat hits you but does no damage.
The orc closely misses you.
Eustachio casts a spell.
Your skin crawls.
You feel strong-willed.
You feel yourself speed up.
The bat hits you but does no damage. x2; You block the bat's attack.
The quokka closely misses you. The bat hits you.
* * * LOW HITPOINT WARNING * * *
The orc hits you with a +0 flail.
* * * LOW HITPOINT WARNING * * *
Eustachio hits you with a +0 rapier!
* * * LOW HITPOINT WARNING * * *
The quokka barely misses you.
It was a potion of lignification.
You turn into a tree.
Your +0 cloak melds into your body.
Your +0 animal skin melds into your body.
Your roots penetrate the ground.
You block the quokka's attack. You block the orc's attack.
Eustachio hits you but does no damage.
It was a potion of cancellation.
Your magical effects are unravelling.
You feel magically purged.
You feel less wooden.
Your +0 cloak unmelds from your body.
Your +0 animal skin unmelds from your body.
The bat hits you but does no damage. The quokka barely misses you.
The bat hits you but does no damage. The bat closely misses you.
The orc barely misses you. Eustachio hits you with a +0 rapier!
* * * LOW HITPOINT WARNING * * *
The quokka bites you.
You die...

######### ####.......@
########.....†..#
..####ob@......#######
...!..b@r5.##...###
....#.###.#####...####
... #. ...# ###....###
# # ..### ####...#
#... ###.< #.. #.. #..
####.# ...... #.####


You could see Eustachio, an iron imp (summoned), an orc, a quokka (summoned) and
2 bats.

Vanquished Creatures
  Sigmund (D:4)
  An ice beast (D:4)
  A centaur (D:3)
  A bullfrog (D:5)
  A scorpion (D:4)
  An orc priest (D:5)
  An iguana (D:5)
  2 orc wizards (D:4)
  Crazy Yiuf (D:3)
  An adder (D:5)
  3 gnolls (D:4)
  A white imp (D:5)
  2 worms (D:2)
  3 dart slugs
  7 orcs
  7 endoplasms
  3 giant cockroaches
  5 goblins (D:2)
  5 hobgoblins
  7 jackals
  7 kobolds
  2 quokkas
  7 ball pythons
  5 bats (D:1)
  4 frilled lizards (D:3)
  2 rats (D:1)
81 creatures vanquished.

Notes
Turn   | Place    | Note
-------+----------+-------------------------------------------
     0 | D:1      | Mune the Ogre Berserker began the quest for the Orb.
     0 | D:1      | Reached XP level 1. HP: 24/24 MP: 1/1
   163 | D:1      | Reached XP level 2. HP: 23/32 MP: 2/2
   450 | D:1      | Reached skill level 4 in Axes
   563 | D:2      | Reached XP level 3. HP: 28/39 MP: 3/3
   822 | D:2      | Reached ** piety under Trog
   932 | D:2      | Found a burning altar of Makhleb.
  1575 | D:3      | Reached XP level 4. HP: 32/48 MP: 4/4
  1810 | D:3      | Noticed a centaur
  1816 | D:3      | Killed a centaur
  1817 | D:3      | Reached skill level 5 in Axes
  1817 | D:3      | Reached XP level 5. HP: 29/54 MP: 5/5
  1949 | D:3      | Found a faded altar of an unknown god.
  2276 | D:3      | Found a runed translucent door.
  2277 | D:3      | Noticed Crazy Yiuf
  2284 | D:3      | Killed Crazy Yiuf
  2285 | D:3      | Reached skill level 6 in Axes
  2699 | D:4      | Reached XP level 6. HP: 22/62 MP: 6/6
  2882 | D:4      | Noticed an ice beast
  2905 | D:4      | Killed an ice beast
  2906 | D:4      | Reached skill level 7 in Axes
  3554 | D:4      | Noticed Sigmund
  3573 | D:4      | Killed Sigmund
  3574 | D:4      | Reached skill level 8 in Axes
  3574 | D:4      | Reached XP level 7. HP: 70/70 MP: 7/7
  3771 | D:5      | Entered Level 5 of the Dungeon
  3864 | D:5      | Found a radiant altar of Vehumet.
  4053 | D:5      | Noticed Eustachio
  4093 | D:5      | HP: 3/70 [Eustachio/+0 rapier (7)]
  4093 | D:5      | Slain by a quokka

Illustrated notes

Levels and vault maps discovered:
D:1:      sevenhm_arrival_forest_fort_large_4, layout_rooms, amethyst_killhole
D:2:      layout_basic, basic_altar, grunt_ministairs_4
D:3:      layout_loops_cross, shapermc_ecumenical_altar_hornbeckon,
          uniq_crazy_yiuf_cottage
D:4:      layout_basic, hangedman_abyss_or_decor_stagger, uniq_sigmund
D:5:      layout_rooms, marbit_many_paths, lightli_corner_chamber,
          uniq_eustachio
D:6:      layout_rooms, mainiacjoe_overflow_alcove_4, nrook_mini_vaults

Skill      XL: |  1  2  3  4  5  6 |
---------------+-------------------+-----
Axes           | 4 5 6 8 |  8.8
Fighting       | |  4.0
Dodging        | |  2.6

Action                     |  1- 3 |  4- 6 |  7- 9 || total
---------------------------+-------+-------+-------++-------
  Melee: Hand axe          |   131 |   112 |    39 ||   282
         Punch             |     1 |     1 |       ||     2
 Invoke: Berserk           |       |     6 |       ||     6
         Trog's Hand       |       |     2 |     3 ||     5
    Use: Scroll            |       |     2 |     6 ||     8
         Potion            |       |       |     6 ||     6
 Armour: Animal skin       |    24 |    22 |    19 ||    65
         Skin              |       |       |     1 ||     1
  Dodge: Dodged            |    61 |    49 |    54 ||   164
  Block: Other             |    23 |    19 |       ||    42
         Reflection        |     2 |     2 |       ||     4
         Orb               |       |     4 |    19 ||    23
